AoeStats
← old f1sh

Fortress

509384892Analyzed
4v4 RM · 5d ago on Sep 26, 2026· 122m 32s· 8 players
Game mode
Random Map
Map size
Huge
Population
200
Speed
Normal
Resources
Standard
Victory
Conquest
Starting age
Dark Age
Ending age
Imperial Age
RankedLock teamsTeams togetherTeam positionsShared explorationLock speedFull tech treeHidden civsTurbo modeCheats
Victory
Defeat
🇮🇳 Poles · India
1456
+17
🇧🇪 Italians · Belgium
1373
+20
🇪🇸 Varangians · Spain
1324
+22
🇪🇸 Saxons · Spain
1301
+23
🇨🇳 Danes · China
1510
-22
1468
-21
🇨🇳 Franks · China
1451
-20
🇨🇳 Varangians · China
1421
-19
Ares_Hong Bang- Trieu Dynasty
7:12 Feudal Age
9:08 Wheelbarrow
11:26 Castle Age
10:01 Double-Bit Axe
10:03 Horse Collar
11:34 Loom
12:33 Gold Mining
12:56 Bow Saw
13:28 Heavy Plow
19:40 Fletching
23:34 Imperial Age
21:26 Stone Mining
21:41 Bodkin Arrow
22:12 Ballistics
23:12 Hand Cart
23:48 Padded Archer Armor
23:37 Town Watch
25:22 Chemistry
25:58 Two-Man Saw
25:30 Crop Rotation
26:02 Thumb Ring
26:56 Bracer
26:53 Elite Rattan Archer
27:47 Pikeman
28:27 Squires
28:29 Halberdier
29:34 Leather Archer Armor
29:42 Masonry
30:30 Fortified Wall
31:49 Scale Mail Armor
31:59 Forging
39:31 Paper Money
40:34 Ring Archer Armor
41:02 Hoardings
43:09 Chain Mail Armor
43:29 Iron Casting
43:47 Arson
44:37 Caravan
48:45 Siege Engineers
48:21 Treadmill Crane
49:56 Chatras
50:41 Bloodlines
50:31 Husbandry
49:51 Elite Battle Elephant
51:20 Scale Barding Armor
51:46 Plate Mail Armor
51:11 Light Cavalry
53:09 Chain Barding Armor
69:46 Murder Holes
74:48 Elite Battle Elephant
76:05 Plate Barding Armor
91:50 Guilds
95:52 Elite Fire Lancer
110:41 Elite Fire Lancer
V我50%匡扶汉室
8:16 Feudal Age
9:54 Double-Bit Axe
12:16 Castle Age
13:55 Bow Saw
16:22 Stone Mining
16:22 Gold Mining
17:14 Wheelbarrow
21:02 Gold Shaft Mining
21:38 Loom
22:12 Hand Cart
24:29 Scale Barding Armor
24:35 Forging
27:24 Imperial Age
25:09 Husbandry
26:03 Chain Barding Armor
26:56 Iron Casting
27:26 Cavalier
29:17 Plate Barding Armor
29:43 Blast Furnace
29:22 Paladin
31:42 Conscription
33:48 Caravan
33:45 Light Cavalry
36:07 Scale Mail Armor
90:19 Elite Throwing Axeman
91:29 Chain Mail Armor
old f1sh
7:37 Feudal Age
8:52 Double-Bit Axe
11:34 Castle Age
10:07 Horse Collar
13:00 Bow Saw
13:43 Heavy Plow
17:18 Wheelbarrow
21:46 Hand Cart
24:47 Imperial Age
22:03 Loom
24:48 Onager
26:08 Siege Onager
26:58 Capped Ram
28:55 Siege Engineers
28:23 Siege Ram
32:01 Fletching
33:53 Masonry
36:12 Chemistry
35:58 Town Watch
39:06 Heavy Scorpion
41:02 Ballistics
42:51 Gold Mining
42:51 Stone Mining
43:47 Coinage
43:17 Caravan
44:46 Northmen's Fury
59:14 Conscription
60:57 Scale Mail Armor
61:07 Forging
63:07 Chain Mail Armor
63:28 Iron Casting
62:41 Elite Jomsviking
64:42 Squires
64:28 Gambesons
64:29 Arson
65:20 Plate Mail Armor
67:31 Blast Furnace
70:51 Hoardings
80:42 Elite Varangian Guard
83:18 Hamask
95:25 Bodkin Arrow
涅槃重生
7:48 Feudal Age
12:00 Castle Age
12:06 Castle Age
10:06 Double-Bit Axe
10:04 Horse Collar
13:06 Bow Saw
14:18 Heavy Plow
17:31 Loom
27:07 Imperial Age
24:28 Town Watch
25:24 Scale Barding Armor
25:30 Forging
26:25 Wheelbarrow
26:48 Scale Mail Armor
27:39 Iron Casting
27:55 Chain Mail Armor
27:35 Gothikon
28:36 Conscription
27:50 Elite Varangian Guard
28:32 Squires
28:18 Arson
30:12 Blast Furnace
30:21 Plate Mail Armor
30:11 Gambesons
30:57 Gold Mining
30:58 Stone Mining
33:51 Coinage
33:21 Caravan
34:19 Caravan
34:56 Murder Holes
36:02 Chemistry
36:39 Banking
36:19 Guilds
42:50 Hand Cart
46:14 Elite Jarl
47:18 Chain Barding Armor
48:50 Plate Barding Armor
49:26 Fortified Wall
56:09 Husbandry
56:20 Bloodlines
87:13 Vendel Legacy
KursedKnight993
7:52 Feudal Age
11:41 Castle Age
9:42 Double-Bit Axe
10:00 Horse Collar
12:48 Bow Saw
12:41 Heavy Plow
18:51 Wheelbarrow
20:38 Hand Cart
25:32 Imperial Age
22:50 Loom
23:39 Bloodlines
23:29 Husbandry
24:02 Szlachta Privileges
25:14 Scale Barding Armor
25:52 Gold Mining
25:52 Stone Mining
25:34 Cavalier
26:35 Chain Barding Armor
26:29 Forging
27:25 Conscription
26:27 Light Cavalry
29:33 Iron Casting
31:57 Town Watch
33:33 Winged Hussar
41:48 Caravan
43:28 Blast Furnace
48:45 Onager
63:55 Lechitic Legacy
71:35 Capped Ram
72:42 Siege Ram
102:31 Fletching
104:00 Elite Skirmisher
104:45 Thumb Ring
105:18 Elite Obuch
105:58 Scale Mail Armor
108:05 Bodkin Arrow
109:04 Bracer
112:29 Ballistics
113:10 Chain Mail Armor
112:56 Squires
112:42 Arson
114:21 Chemistry
113:22 Padded Archer Armor
115:46 Plate Mail Armor
118:19 Leather Archer Armor
117:25 Crossbowman
Gandalfff
6:08 Loom
7:53 Feudal Age
12:00 Castle Age
10:32 Double-Bit Axe
10:29 Horse Collar
23:24 Wheelbarrow
22:48 Gold Mining
24:11 Bloodlines
24:01 Husbandry
26:52 Imperial Age
25:42 Bloodlines
25:32 Husbandry
25:38 Scale Barding Armor
25:43 Forging
29:15 Hand Cart
29:24 Chain Barding Armor
29:15 Forging
29:53 Conscription
34:29 Iron Casting
36:13 Blast Furnace
36:49 Plate Barding Armor
37:15 Light Cavalry
38:04 Hussar
38:59 Elite Jarl
39:05 Vendel Legacy
40:31 Fortified Wall
40:27 Siege Engineers
40:34 Masonry
40:04 Treadmill Crane
42:09 Treadmill Crane
48:21 Caravan
75:49 Chemistry
75:19 Architecture
87:14 Fletching
93:50 Bodkin Arrow
98:04 Ballistics
98:14 Architecture
105:03 Murder Holes
ReyCocobolo
7:24 Feudal Age
11:51 Castle Age
10:15 Double-Bit Axe
12:58 Loom
14:45 Horse Collar
18:54 Town Watch
20:13 Wheelbarrow
21:57 Hand Cart
22:29 Squires
22:15 Arson
22:16 Gambesons
24:27 Fletching
27:57 Imperial Age
26:21 Bow Saw
26:12 Heavy Plow
27:32 Scale Mail Armor
27:43 Forging
27:54 Squires
27:39 Arson
27:42 Gambesons
28:40 Chain Mail Armor
30:22 Conscription
29:24 Shield Wall
30:25 Elite Varangian Guard
33:29 Plate Mail Armor
35:18 Iron Casting
39:07 Caravan
41:32 Bodkin Arrow
42:43 Chemistry
44:56 Siege Engineers
45:14 Onager
46:08 Heavy Plow
45:59 Gold Mining
46:00 Stone Mining
47:09 Ballistics
46:34 Arrowslits
46:50 Bracer
47:25 Guard Tower
47:44 Treadmill Crane
50:23 Keep
49:58 Pikeman
51:16 Halberdier
55:22 Two-Man Saw
54:53 Crop Rotation
54:59 Gold Shaft Mining
56:34 Masonry
56:20 Murder Holes
57:41 Guilds
60:21 Hoardings
63:43 Architecture
68:26 Sappers
75:43 Man-at-Arms
80:45 Redemption
80:51 Block Printing
81:05 Illumination
83:33 Clerical Recruitment
89:28 Town Patrol
LanaAio
8:04 Feudal Age
8:34 Feudal Age
10:24 Loom
12:49 Castle Age
12:57 Double-Bit Axe
12:55 Horse Collar
16:26 Imperial Age
16:27 Ballistics
16:40 Fletching
16:51 Padded Archer Armor
18:44 Chemistry
21:33 Bodkin Arrow
21:53 Leather Archer Armor
26:06 Wheelbarrow
34:11 Bow Saw
35:10 Scale Barding Armor
35:49 Bloodlines
36:01 Fortified Wall
36:22 Husbandry
35:51 Light Cavalry
36:47 Hussar
42:31 Chain Barding Armor
42:21 Forging
42:12 Bracer
45:19 Pirotechnia
59:15 Hand Cart
61:02 Heavy Plow
65:08 Elite Genoese Crossbowman
72:17 Plate Barding Armor
72:18 Iron Casting
75:00 Leather Archer Armor
75:08 Conscription
77:28 Blast Furnace
77:40 Scale Mail Armor
78:21 Ring Archer Armor
103:00 Cavalier
112:55 Gold Mining
Connection lost

Rejoining the realm…

Still unreachable

The connection could not be restored.

Session expired

The server has moved on; the page needs a fresh start.